AoeStats
← Kanyaga

Arabia

510080330Analyzed
1v1 RM · 3d ago on Sep 29, 2026· 32m 57s· 2 players
Game mode
Random Map
Map size
Tiny (2 player)
Population
200
Speed
Normal
Resources
Standard
Victory
Conquest
Starting age
Dark Age
Ending age
Imperial Age
RankedLock teamsTeams togetherTeam positionsShared explorationLock speedFull tech treeHidden civsTurbo modeCheats
Victory
Defeat
🇹🇷 Hindustanis · Türkiye
1596
+12
🇦🇷 Chinese · Argentina
1502
-12
As_Nicodemus_Arg
0:27 Loom
10:54 Feudal Age
11:57 Double-Bit Axe
13:53 Town Watch
15:17 Fletching
21:04 Castle Age
21:45 Gold Mining
21:25 Crossbowman
22:53 Bow Saw
22:55 Bodkin Arrow
23:42 Scale Barding Armor
24:28 Wheelbarrow
24:41 Ballistics
27:45 Forging
28:38 Light Cavalry
29:29 Bloodlines
34:55 Imperial Age
32:37 Horse Collar
Kanyaga
4:55 Loom
13:01 Feudal Age
13:03 Man-at-Arms
13:42 Double-Bit Axe
22:00 Castle Age
21:47 Fletching
21:57 Padded Archer Armor
22:16 Horse Collar
22:21 Elite Skirmisher
23:20 Bow Saw
26:14 Bodkin Arrow
30:36 Town Watch
31:26 Wheelbarrow
32:09 Thumb Ring
32:30 Ballistics
Connection lost

Rejoining the realm…

Still unreachable

The connection could not be restored.

Session expired

The server has moved on; the page needs a fresh start.